 Dungeon Crawl Stone Soup version 0.31-a0-187-gba352fbbf7 (webtiles) character file.

Game seed: 11473656657167743794

25 qw the Shooter (level 2, -3/16 HPs)
             Began as a Deep Elf Hunter on June 22, 2023.
             Slain by an orc
             ... wielding a +0 club
              (5 damage)
             ... on level 3 of the Dungeon.
             The game lasted 00:00:21 (1082 turns).

qw the Shooter (Deep Elf Hunter)                    Turns: 1082, Time: 00:00:21

Health: -3/16      AC:  5    Str:  8    XL:     2   Next: 82%
Magic:  4/4        EV: 10    Int: 13    God:
Gold:   79         SH:  0    Dex: 18    Spells: 1/1 levels left

rFire   . . .        Y - +0 shortbow
rCold   . . .        (shield currently unavailable)
rNeg    . . .        d - +0 ring mail
rPois   .            (no helmet)
rElec   .            (no cloak)
rCorr   .            (no gloves)
SInv    .            (no boots)
Will    .....        (no amulet)
Stlth   +            (no ring)
HPRegen 0.22/turn    (no ring)
MPRegen 0.09/turn

%: no passive effects
@: about to teleport
A: no striking features
a: no special abilities


You were on level 3 of the Dungeon.
You visited 1 branch of the dungeon, and saw 3 of its levels.

You collected 79 gold pieces.


   Skills:
 - Level 1.5 Fighting
 + Level 6.5 Ranged Weapons
 - Level 2.4 Dodging
 - Level 1.2 Stealth


You had one spell level left.
You didn't know any spells.
Your spell library was empty.

Inventory:

Hand Weapons
 Y - a +0 shortbow (weapon)
Armour
 d - a +0 ring mail (worn)
Potions
 b - a potion of berserk rage {unknown}
 c - a potion of ambrosia {unknown}
 e - a potion of curing
 h - a potion of heal wounds {unknown}

Dungeon Overview and Level Annotations

Branches:
Dungeon (3/15)

Altars:
Cheibriados


Message History

The orc hits you with a +0 mace.
You shoot an arrow. The orc wizard shouts!
The hobgoblin shouts!
The arrow hits the orc.
You kill the orc!
The adder barely misses you.
You shoot an arrow. The arrow barely misses the adder.
The adder bites you but does no damage. The orc hits you but does no damage.
The adder misses you.
You shoot an arrow.
The arrow hits the adder but does no damage.
The adder bites you but does no damage. x2; The orc hits you but does no damage. x2
You shoot an arrow. The arrow closely misses the adder.
The arrow barely misses the orc wizard.
The adder barely misses you. The orc hits you but does no damage.
The orc closely misses you.
You shoot an arrow. The arrow barely misses the adder.
The adder barely misses you. The orc barely misses you.
The orc hits you with a +0 club.
The orc wizard gestures wildly while chanting.
The orc wizard flickers and vanishes!
Deactivating autopickup; reactivate with Ctrl-A.
The adder misses you.
You shoot an arrow.
The arrow hits the adder but does no damage.
The adder bites you but does no damage. The orc completely misses you.
The orc hits you but does no damage.
You shoot an arrow. The arrow hits the adder!
The adder is severely wounded.
The adder bites you but does no damage. The adder bites you.
The orc barely misses you. The orc hits you with a +0 flail!
1081 ||| READING scroll of teleportation.
As you read the scroll of teleportation, it crumbles to dust.
You feel strangely unstable. The adder closely misses you.
The orc closely misses you. The orc hits you with a +0 flail.
Something hits you but does no damage.
You shoot an arrow. The arrow barely misses the adder.
The adder misses you. The adder barely misses you. The orc closely misses you.
The orc hits you with a +0 club.
You die...

########..##
#<.o@og.....
#..o{S......
#..)........
#...........
#....._.....
#...........
#...........
#...........


You could see an adder, 3 orcs and a hobgoblin.

Vanquished Creatures
  An orc (D:3)
  An endoplasm (D:1)
  A goblin (D:1)
  3 hobgoblins
  5 jackals
  2 quokkas (D:1)
  3 ball pythons (D:1)
  A frilled lizard (D:1)
  A kobold (D:1)
  2 rats (D:1)
20 creatures vanquished.

Notes
Turn   | Place    | Note
-------+----------+-------------------------------------------
     0 | D:1      | qw the Deep Elf Hunter began the quest for the Orb.
     0 | D:1      | Reached XP level 1. HP: 12/12 MP: 3/3
     0 | D:1      | 0 ||| qw: Version: 0.3-a-9-g12657ce
     0 | D:1      | 0 ||| qw: Game counter: 2490
     0 | D:1      | 0 ||| qw: Always use a shield: true
     0 | D:1      | 0 ||| qw: God list: Okawaru
     0 | D:1      | 0 ||| qw: Allow faded altars: false
     0 | D:1      | 0 ||| qw: Do Orc after D:15 true
     0 | D:1      | 0 ||| qw: Do second Lair branch before Depths: true
     0 | D:1      | 0 ||| qw: Lair rune preference: random
     0 | D:1      | 0 ||| qw: Plans: Normal
     0 | D:1      | 0 ||| PLANNING D:1-11
   198 | D:1      | Reached XP level 2. HP: 16/16 MP: 4/4
   204 | D:1      | Reached skill level 6 in Ranged Weapons
   686 | D:1      | 686 ||| UPGRADING to +0 ring mail.
   696 | D:1      | 696 ||| DROPPING +0 leather armour.
   697 | D:1      | 697 ||| DROPPING amulet of magic regeneration.
   698 | D:1      | 698 ||| READING 2 scrolls labelled POOZEA YNUCVAO.
   701 | D:1      | 701 ||| READING scroll labelled YVILANGICI.
   702 | D:1      | 702 ||| DROPPING scroll of butterflies.
  1045 | D:2      | 1045 ||| DROPPING ring of flight.
  1046 | D:2      | 1046 ||| READING scroll labelled PUGUVE IBRERA.
  1047 | D:2      | 1047 ||| DRINKING 2 puce potions.
  1065 | D:3      | Found a snail-covered altar of Cheibriados.
  1080 | D:3      | HP: 3/16 [orc/+0 flail (7)]
  1081 | D:3      | 1081 ||| READING scroll of teleportation.
  1082 | D:3      | Slain by an orc

Levels and vault maps discovered:
D:1:      mushboom_english_gardens, layout_loops_ring, minmay_misc_feat_x,
          minmay_misc_feat_enclosed
D:2:      layout_rooms, minmay_hedge_maze
D:3:      layout_rooms, cheibriados_altar_1, uniq_natasha

Skill      XL: |  1  2 |
---------------+-------+-----
Ranged Weapons | 6 |  6.5
Fighting       | |  1.5
Dodging        | |  2.4
Stealth        | |  1.2

Action                     || total
---------------------------++-------
   Fire: Shortbow          ||    66
    Use: Scroll            ||     4
         Potion            ||     1
 Armour: Ring mail         ||    13
  Dodge: Dodged            ||    25

Table legend:
 A = Non-vault XP
 B = Vault XP
 C = Vault XP percentage of total XP
 D = Non-vault monster count
 E = Vault monster count
 F = Vault count percentage of total count
                 A         B        C        D         E       F
            +---------+---------+-------+---------+---------+-------
      Total |      36 |       0 |   0.0 |      20 |       0 |   0.0
            +---------+---------+-------+---------+---------+-------
        D:1 |      25 |       0 |   0.0 |      15 |       0 |   0.0
        D:2 |       8 |       0 |   0.0 |       4 |       0 |   0.0
        D:3 |       3 |       0 |   0.0 |       1 |       0 |   0.0
            +---------+---------+-------+---------+---------+-------
